AoeStats
← Schantiiniiii

African Clearing

505725973Analyzed
4v4 RM · 21d ago on Sep 10, 2026· 26m 15s· 8 players
Game mode
Random Map
Map size
Large (8 player)
Population
200
Speed
Normal
Resources
Standard
Victory
Conquest
Starting age
Dark Age
Ending age
Imperial Age
RankedLock teamsTeams togetherTeam positionsShared explorationLock speedFull tech treeHidden civsTurbo modeCheats
Victory
Defeat
🇩🇪 Inca · Germany
1695
+13
🇩🇪 Khitans · Germany
1689
+13
🇨🇭 Cumans · Switzerland
1681
+13
🇩🇪 Slavs · Germany
1517
+19
🇧🇪 Ethiopians · Belgium
1669
-17
🇯🇵 Malians · Japan
1654
-16
🇨🇳 Turks · China
1624
-15
🇻🇳 Maya · Vietnam
1509
-10
Marlin
10:50 Loom
13:03 Feudal Age
17:06 Castle Age
Malice
13:52 Feudal Age
12:09 Loom
13:54 Feudal Age
18:40 Castle Age
17:27 Double-Bit Axe
17:56 Horse Collar
20:12 Bow Saw
24:49 Heavy Plow
25:23 Fletching
26:31 Wheelbarrow
25:44 Crossbowman
This is Kawaii
5:59 Loom
13:10 Feudal Age
17:44 Castle Age
16:13 Double-Bit Axe
21:32 Fishing Lines
22:30 Horse Collar
うーぺー
8:42 Loom
11:35 Feudal Age
12:05 Double-Bit Axe
12:02 Horse Collar
13:37 Forging
13:35 Scale Barding Armor
16:38 Bloodlines
21:41 Wheelbarrow
25:00 Castle Age
23:45 Gold Mining
24:00 Horse Collar
25:41 Husbandry
26:04 Chain Barding Armor
25:55 Bow Saw
26:55 Iron Casting
Serxer
12:17 Loom
14:05 Feudal Age
15:36 Double-Bit Axe
18:33 Castle Age
16:37 Horse Collar
19:52 Bow Saw
20:11 Fishing Lines
23:23 Heavy Plow
23:50 Gillnets
Pfienz
4:05 Loom
13:14 Feudal Age
17:04 Castle Age
16:24 Fletching
16:52 Padded Archer Armor
17:28 Crossbowman
19:45 Bodkin Arrow
23:07 Ballistics
23:54 Leather Archer Armor
27:29 Wheelbarrow
Schantiiniiii
4:57 Loom
12:52 Feudal Age
13:42 Double-Bit Axe
15:07 Town Watch
15:22 Horse Collar
21:34 Fletching
25:40 Castle Age
23:55 Scale Barding Armor
24:41 Forging
25:13 Gold Mining
25:36 Bloodlines
{ BP } Käpt`n Iglo
6:07 Loom
11:41 Feudal Age
12:14 Double-Bit Axe
16:58 Forging
23:51 Castle Age
22:41 Scale Barding Armor
23:35 Domestication
24:08 Light Cavalry
25:27 Iron Casting
25:36 Bow Saw
Connection lost

Rejoining the realm…

Still unreachable

The connection could not be restored.

Session expired

The server has moved on; the page needs a fresh start.